 Dungeon Crawl Stone Soup version 0.31-a0-1172-g9944ec47dd (webtiles) character file.

Game seed: 5725286390155909944

1596346 ketsa the Archmage (level 27, 151/151 HPs)
             Began as a Spriggan Earth Elementalist on Oct 21, 2023.
             Was the Champion of Vehumet.
             Escaped with the Orb
             ... and 4 runes on Dec 10, 2023!
             The game lasted 15:22:43 (158616 turns).

ketsa the Archmage (Spriggan Earth Elementalist)  Turns: 158616, Time: 15:22:44

Health: 151/151    AC: 15    Str:  2    XL:     27
Magic:  55/55      EV: 23    Int: 37    God:    Vehumet [******]
Gold:   6408       SH:  0    Dex: 17    Spells: 5/80 levels left

rFire   + + .        y - +3 Elemental Staff {ele, rElec rF+ rC+ AC+3}
rCold   + + +        (shield currently unavailable)
rNeg    + + .        o - +5 faerie dragon scales {rC++ rCorr}
rPois   +            (helmet restricted)
rElec   +            M - scarf "Kufu" {rC+ rF+, rN++ Int+2}
rCorr   +            (gloves unavailable)
SInv    +            (boots unavailable)
Will    +++++        C - amulet of magic regeneration
Stlth   ++           m - ring of the Mage {Wiz Archmagi}
HPRegen 0.45/turn    F - ring of Lupizxav {rElec rPois Int+6}
MPRegen 0.74/turn

%: wizardry (x1), archmagi
@: brilliant, enlightened, flying, hasted, studying 2 skills, very quick
A: very small, no large weapons, unfitting armour, see invisible, speed 3,
hooves 1, shaggy fur 1, weak 1, no potion heal 1
0: Orb of Zot
}: 4/15 runes: decaying, serpentine, slimy, silver
a: Renounce Religion


You escaped.
You worshipped Vehumet.
Vehumet was exalted by your worship.
You visited 12 branches of the dungeon, and saw 56 of its levels.

You collected 9180 gold pieces.
You spent 2772 gold pieces at shops.

Inventory:

Hand Weapons
 a - the +7 dagger of Ignis, Writhing {elec, rF+ rC+ Will+ Int+5}
   (You found it on level 2 of the Vaults)

   Int+5:     It affects your intelligence (+5).
   rF+:       It protects you from fire.
   rC+:       It protects you from cold.
   Will+:     It increases your willpower.
 y - the +3 Elemental Staff (weapon) {ele, rElec rF+ rC+ AC+3}
   (You acquired it on level 4 of the Lair of Beasts)

   AC+3:      It affects your AC (+3).
   rF+:       It protects you from fire.
   rC+:       It protects you from cold.
   rElec:     It insulates you from electricity.
Armour
 o - the +5 faerie dragon scales (worn) {rC++ rCorr}
   (You took it off the Enchantress on level 3 of the Depths)

   rC++:      It greatly protects you from cold.
   rCorr:     It protects you from acid and corrosion.
 x - the +5 robe of the Worm {Drain rPois Will+}
   (You found it on level 2 of the Vaults)

   rPois:     It protects you from poison Will+: It increases your willpower.
   Drain:     It drains your maximum health when unequipped.
 L - a scarf of repulsion
 M - the scarf "Kufu" (worn) {rC+ rF+, rN++ Int+2}
   (You found it on level 3 of the Elven Halls)

   Int+2:     It affects your intelligence (+2).
   rN++:      It greatly protects you from negative energy.
 Y - the +0 toga "Victory" {*Victory Clar}
   (You found it on level 3 of the Dungeon)

   *Victory:  When the wearer kills a threatening monster, it has a chance to
   gain +1 AC, +1 Slay, and +1 Int, capping at +7.
   When the wearer uses a scroll or a potion with a hostile monster in sight,
   its bonuses reset to +0.
   Unequipping it also resets its bonuses to +0.
   Clar:      It protects you from confusion, rage, mesmerisation and fear.
Magical Staves
 X - the staff of Jase {rN+ rCorr Ice Earth}
   (You found it on level 14 of the Dungeon)

   [staff of earth]

   Base accuracy: +5 Base damage: 5 Base attack delay: 1.2 This weapon's minimum
   attack delay (0.6) is reached at skill level 12.
   rN+:       It protects you from negative energy.
   rCorr:     It protects you from acid and corrosion.
   Ice:       It increases the power of your Ice spells.
   Earth:     It increases the power of your Earth spells.
   It falls into the 'Staves' category.
   It is a two-handed weapon.
Jewellery
 k - the ring "Nyvvupt" {rF+ Str+3}
   (You found it on level 13 of the Dungeon)

   [ring of protection from fire]

   Str+3:     It affects your strength (+3).
   rF+:       It protects you from fire.
 l - a ring of protection from cold
 m - the ring of the Mage (left hand) {Wiz Archmagi}
   (You found it on level 3 of the Snake Pit)

   [ring of wizardry]

   Wiz:       It improves your spell success rate.
   Archmagi:  It increases the power of your magical spells.
 p - the ring of Nobility {Fire rCorr Int+4 Stlth-}
   (You found it on level 3 of the Elven Halls)

   [ring of fire]

   Fire:      It enhances your fire magic.
   Int+4:     It affects your intelligence (+4).
   rF+:       It protects you from fire.
   rC-:       It makes you vulnerable to cold.
   rCorr:     It protects you from acid and corrosion.
   Stlth-:    It makes you less stealthy.
 r - an amulet of the acrobat
 s - a ring of magical power
 t - a ring of positive energy
 w - the amulet "Pacsimp" {Faith Fragile rCorr Int+4 Stlth+}
   (You took it off an ancient champion on level 3 of the Crypt)

   [amulet of faith]

   Faith:     It allows you to gain divine favour quickly.
   Int+4:     It affects your intelligence (+4).
   rCorr:     It protects you from acid and corrosion.
   Fragile:   It will be destroyed if unequipped.
   Stlth+:    It makes you more stealthy.
 z - an amulet of regeneration
 C - an amulet of magic regeneration (around neck)
 F - the ring of Lupizxav (right hand) {rElec rPois Int+6}
   (You took it off a spriggan berserker on level 2 of the Depths)

   [ring of intelligence]

   Int+6:     It affects your intelligence (+6).
   rElec:     It insulates you from electricity.
   rPois:     It protects you from poison
 I - a ring of flight
 S - a ring of positive energy
 U - the ring of Midsummer {Ice rElec rPois rN+++ Str-4}
   (You found it on level 11 of the Dungeon)

   [ring of ice]

   Ice:       It enhances your ice magic.
   Str-4:     It affects your strength (-4).
   rF-:       It makes you vulnerable to fire.
   rC+:       It protects you from cold.
   rElec:     It insulates you from electricity.
   rPois:     It protects you from poison rN+++: It renders you almost immune to
   negative energy.
Wands
 e - a wand of acid (67)
 B - a wand of mindburst (48)
 E - a wand of polymorph (41)
 P - a wand of digging (27)
 R - a wand of iceblast (75)
 V - a wand of flame (124)
 W - a wand of paralysis (39)
Scrolls
 d - 6 scrolls of torment
 g - 22 scrolls of teleportation
 j - a scroll of poison
 q - 2 scrolls of butterflies
 u - 5 scrolls of fog
 v - 5 scrolls of amnesia
 G - 12 scrolls of fear
 H - a scroll of blinking
 N - 2 scrolls of silence
 O - 4 scrolls of brand weapon
 T - 9 scrolls of immolation
Potions
 b - 3 potions of magic
 c - 3 potions of ambrosia
 f - 21 potions of curing
 h - 2 potions of mutation
 i - 8 potions of lignification
 n - 13 potions of haste
 A - 10 potions of resistance
 D - 15 potions of heal wounds
 J - 12 potions of brilliance
 K - 2 potions of berserk rage
 Q - 6 potions of invisibility
 Z - 7 potions of enlightenment


   Skills:
 + Level 17.9 Fighting
 - Level 6.5 Short Blades
 - Level 4.0 Staves
 - Level 2.4 Armour
 + Level 23.2 Dodging
 - Level 16.8 Stealth
 O Level 27 Spellcasting
 - Level 14.3 Conjurations
 - Level 20.0 Hexes
 - Level 6.0 Necromancy
 + Level 18.0 Translocations
 - Level 10.3 Transmutations
 - Level 3.7 Ice Magic
 - Level 9.8 Air Magic
 + Level 20.3 Earth Magic
 - Level 5.0 Poison Magic
 - Level 15.0 Evocations
 - Level 4.5 Shapeshifting


You had 5 spell levels left.
You knew the following spells:

 Your Spells              Type           Power      Damage    Failure   Level
a - Discord               Hex            82%        N/A       1%          8
b - Passwall              Tmut/Erth      100%       N/A       0%          2
c - Stone Arrow           Conj/Erth      100%       3d13      0%          3
d - Cause Fear            Hex            82%        N/A       0%          4
e - Petrify               Tmut/Erth      100%       N/A       0%          4
g - Iskenderun's Mystic   Conj/Tloc      100%       2d19      0%          4
h - Fulminant Prism       Conj/Hex       79%        3d32      0%          4
i - Lee's Rapid Deconstr  Erth           96%        3d42*     0%          5
j - Bombard               Conj/Erth      92%        9d15      1%          6
k - Brom's Barrelling Bo  Conj/Erth      100%       2d11      0%          4
l - Passage of Golubria   Tloc           100%       N/A       0%          4
m - Borgnjor's Vile Clut  Necr/Erth      86%        N/A       1%          5
n - Orb of Destruction    Conj           75%        9d17      1%          7
o - Blink                 Tloc           100%       N/A       0%          2
p - Lehudib's Crystal Sp  Conj/Erth      92%        10d20     1%          8
q - Iskenderun's Battles  Conj           100%       2d15      1%          5

Your spell library contained the following spells:

 Spells                   Type           Power      Damage    Failure   Level
 Shatter                  Erth           96%        3d69*     3%          9
 Apportation              Tloc           100%       N/A       0%          1
 Kiss of Death            Conj/Necr      100%       2d13      0%          1
 Magic Dart               Conj           100%       1d8       0%          1
 Sandblast                Erth           100%       2d20      0%          1
 Shock                    Conj/Air       100%       1d9       0%          1
 Slow                     Hex            100%       N/A       0%          1
 Ensorcelled Hibernation  Hex/Ice        100%       N/A       0%          2
 Jinxbite                 Hex            100%       N/A       0%          2
 Lesser Beckoning         Tloc           100%       N/A       0%          2
 Momentum Strike          Conj/Tloc      100%       3d10      0%          2
 Confusing Touch          Hex            100%       N/A       0%          3
 Dazzling Flash           Conj/Hex       100%       N/A       0%          3
 Gell's Gravitas          Tloc           100%       N/A       0%          3
 Sigil of Binding         Hex            100%       N/A       0%          3
 Teleport Other           Tloc           100%       N/A       0%          3
 Tukima's Dance           Hex            100%       N/A       0%          3
 Dimensional Bullseye     Hex/Tloc       81%        N/A       0%          4
 Leda's Liquefaction      Hex/Erth       96%        N/A       0%          4
 Manifold Assault         Tloc           100%       N/A       0%          4
 Freeze                   Ice            100%       1d10      1%          1
 Necrotise                Necr           100%       1d9       1%          1
 Summon Small Mammal      Summ           100%       N/A       1%          1
 Call Imp                 Summ           100%       N/A       1%          2
 Cigotuvi's Dreadful Rot  Necr/Pois/Air  100%       N/A       1%          2
 Poisonous Vapours        Pois/Air       100%       N/A       1%          2
 Call Canine Familiar     Summ           84%        N/A       1%          3
 Frozen Ramparts          Ice            100%       1d16      1%          3
 Hailstorm                Conj/Ice       100%       3d16      1%          3
 Inner Flame              Hex/Fire       100%       N/A       1%          3
 Mephitic Cloud           Conj/Pois/Air  100%       N/A       1%          3
 Ozocubu's Armour         Ice            100%       N/A       1%          3
 Summon Guardian Golem    Hex/Summ       100%       N/A       1%          3
 Swiftness                Air            100%       N/A       1%          3
 Vampiric Draining        Necr           100%       2d13      1%          3
 Volatile Blastmotes      Fire/Tloc      100%       2d18      1%          3
 Airstrike                Air            80%        2d(12-28) 1%          4
 Anguish                  Hex/Necr       73%        N/A       1%          4
 Animate Armour           Summ/Erth      100%       N/A       1%          4
 Animate Dead             Necr           100%       N/A       1%          4
 Dispel Undead            Necr           100%       3d31      1%          4
 Flame Wave               Conj/Fire      100%       2d21      1%          4
 Olgreb's Toxic Radiance  Pois           100%       N/A       1%          4
 Sticky Flame             Conj/Fire      100%       2d11      1%          4
 Summon Lightning Spire   Summ/Air       100%       N/A       1%          4
 Vhi's Electric Charge    Tloc/Air       100%       N/A       1%          4
 Agony                    Necr           100%       N/A       1%          5
 Alistair's Intoxication  Tmut/Pois      84%        N/A       1%          5
 Arcjolt                  Conj/Air       84%        1d94      1%          5
 Fireball                 Conj/Fire      74%        3d28      1%          5
 Metabolic Englaciation   Hex/Ice        84%        N/A       1%          5
 Silence                  Hex/Air        89%        N/A       1%          5
 Summon Forest            Summ/Tloc      66%        N/A       1%          5
 Summon Mana Viper        Hex/Summ       100%       N/A       1%          5
 Yara's Violent Unravell  Hex/Tmut       76%        3d28      1%          5
 Summon Ice Beast         Ice/Summ       100%       N/A       2%          4
 Conjure Ball Lightning   Conj/Air       84%        3x3d32    1%          6
 Dispersal                Tloc           80%        N/A       1%          6
 Eringya's Noxious Bog    Tmut/Pois      63%        4d6       1%          6
 Starburst                Conj/Fire      74%        6d19      1%          6
 Enfeeble                 Hex            82%        N/A       1%          7
 Plasma Beam              Fire/Air       69%        2x1d85    3%          6
 Death Channel            Necr           59%        N/A       6%          6
 Spellforged Servitor     Conj/Summ      62%        N/A       6%          7
 Simulacrum               Ice/Necr       69%        N/A       11%         6
 Malign Gateway           Summ/Tloc      66%        N/A       11%         7
 Maxwell's Capacitive Co  Air            80%        ∞         14%         8
 Ozocubu's Refrigeration  Ice            65%        4d22      22%         7
 Summon Cactus Giant      Summ           42%        N/A       56%         6
 Haunt                    Necr/Summ      52%        N/A       73%         7
 Borgnjor's Revivificati  Necr           59%        N/A       93%         8
 Summon Hydra             Summ           42%        N/A       98%         7
 Fire Storm               Conj/Fire      74%        8d19      98%         9
 Ignition                 Fire           53%        3d15      99%         8
 Summon Horrible Things   Summ           42%        N/A       100%        8
 Death's Door             Necr           59%        N/A       100%        9
 Dragon's Call            Summ           42%        N/A       100%        9


Dungeon Overview and Level Annotations

Branches:
Dungeon (15/15)            Temple (1/1) D:7            Lair (5/5) D:11
  Swamp (4/4) Lair:2        Snake (4/4) Lair:2        Slime (5/5) Lair:5
    Orc (2/2) D:10            Elf (3/3) Orc:2        Vaults (5/5) D:13
  Crypt (3/3) Vaults:3       Tomb (0/3) Crypt:3      Depths (4/4) D:15
    Zot (5/5) Depths:4

Altars:
Ashenzari
Cheibriados
Dithmenos
Elyvilon
Fedhas
Gozag
Hepliaklqana
Kikubaaqudgha
Makhleb
Nemelex Xobeh
Okawaru
Qazlal
Ru
Sif Muna
Trog
Uskayaw
Vehumet
Wu Jian
Xom
Yredelemnul
Zin
The Shining One
Jiyva

Shops:
D:4 *[   D:5 (   D:8 !   D:9 *   D:10 =   D:13 (   Orc:2 *(:*   Elf:1 *!
Elf:2 (:(?   Elf:3 :   Snake:2 [(=*(   Snake:4 (*?   Vaults:1 (   Vaults:4 (
Depths:1 ::=:

Portals:
Hell: Depths:1 Depths:2 Depths:3 Depths:4
Abyss: Swamp:1 Depths:3 Depths:4
Pandemonium: Depths:1 Depths:2 Depths:3
Ziggurat: Depths:3
Trove: D:12 (give horn of Geryon)

Annotations:
D:10 exclusion: downstairs
Lair:4 exclusion: 2 downstairs
Swamp:1 exclusion: downstairs
Elf:3 exclusion: door
Depths:1 exclusion: downstairs
Zot:1 2 transporters
Zot:2 3 runed translucent doors, Emnejil's ghost, master VSBe
Zot:4 exclusion: 2 downstairs


Innate Abilities, Weirdness & Mutations

You are very small and have problems with some larger weapons.
You are too small for most types of armour.
You have supernaturally acute eyesight. (SInv)
You cover ground extremely quickly. (Speed+++)
You have large cloven feet.
You are covered in fur. (AC +1)
You are weak. (Str -2)
Potions are less effective at restoring your health.


Message History

You see here a +0 club.
There is a stone staircase leading up, spattered with blood here.
You climb upwards.
There is a stone staircase leading down here.
There is a stone staircase leading up here.
You climb upwards.
There is a stone staircase leading down here.
There is a stone staircase leading up here.
You climb upwards.
There is a stone staircase leading down here.
There is a stone staircase leading up here.
You climb upwards.
There is a stone staircase leading down here.
There is a fountain of clear blue water here.
There is a fountain of clear blue water here.
There is a stone staircase leading up here.
You climb upwards.
There is a stone staircase leading down here.
There is a stone staircase leading up here.
You climb upwards.
There is a stone staircase leading down here.
You see here a +0 dagger.
You see here a +0 short sword.
An Orb Guardian comes into view.
Casting: Passage of Golubria (safe; 0% risk of failure)
Confirm with . or Enter, or press ? or * to list all spells.
Aiming: Orb of Destruction (mildly dangerous; 1% risk of failure)
Press: ? - help, Shift-Dir - straight line, f - Orb Guardian
Aim: an Orb Guardian You feel a surge of power!
There is a stone staircase leading down here.
Magic restored.
There is an open door here.
There is an open door here.
There is a staircase leading out of the dungeon here.
You feel clever all of a sudden.
You feel yourself speed up.
You feel very buoyant.
You fly up into the air.
You have escaped!

..........############ #..##
###.########.........####..##
#.# ##...####'####...##..##
###.####.#### #...#
####.##..# ......#.## #...#
##.##†# #######.####
###+########.##.#
#.##≈.###.....##.§≈##.#.#
###.#≈≈..#.......#..§≈#.#.#
#...#≈≈..'...@...'..§≈#...#
#.#.#≈≈..#.......#..≈≈#.###
#.#.##≈.###.....##..≈##.#
#.##.#### ###'########.##
#..#.## #...# ##.# ##.##.####
#...# ####.##
#.###...####'####...##
##.######......^..########
#.>##.# ###########......#


There were no monsters in sight!

Vanquished Creatures
  the Royal Jelly (Slime:5)
  A seraph (Zot:5)
  10 ancient liches
  4 dread liches
  5 orbs of fire
  Mennas (Crypt:3)
  Mara (Vaults:4)
  2 juggernauts
  A royal mummy (Depths:2)
  5 Killer Klowns
  Margery (Crypt:3)
  Vashnia (Snake:3)
  Bai Suzhen (Snake:3)
  5 curse toes
  14 golden dragons
  The ghost of Ymilidghe the Brawler, an adept TrGl of Elyvilon (Vaults:4)
  Nikola (Elf:2)
  4 bone dragons
  A profane servitor (Crypt:3)
  the Enchantress (Depths:3)
  2 electric golems (Zot:5)
  4 hellephants (Depths:3)
  Jorgrun (Snake:2)
  A Brimstone Fiend (Depths:3)
  26 tentacled monstrosities
  A walking crystal tome (Depths:3)
  Asterion (Elf:3)
  7 liches
  Rupert (Lair:5)
  Zenata (Vaults:4)
  6 titans
  The ghost of Reshi88 the Spry, an adept MiFi of Lugonu (Elf:2)
  25 Orb Guardians (Zot:5)
  The ghost of Aceje Mir the Tortoise, an adept AtMo of Okawaru (Vaults:4)
  A shard shrike skeleton (Crypt:2)
  2 deep elf master archers
  The ghost of Wiath the Deadly Accurate, an adept DrBr of Ashenzari (Vaults:4)
  A walking divine tome (Depths:2)
  2 deep elf blademasters (Elf:3)
  11 sphinxes
  The ghost of Zoigrime the Blocker, an adept FoFi of Jiyva (Swamp:1)
  A tentacled starspawn (Swamp:1)
  22 acid blobs
  An Executioner (Swamp:1)
  13 ancient champions
  8 quicksilver dragons
  A thorn hunter (Swamp:4)
  10 death cobs
  18 storm dragons
  11 draconian monks
  Donald (Elf:1)
  3 revenants
  12 tengu reavers
  Aizul (Snake:3)
  11 shadow dragons
  11 fire giants
  8 rockslimes
  10 azure jellies
  10 nagarajas
  3 balrugs (Depths:3)
  3 draconian knights
  The ghost of Pi314 the Destroyer, a journeyman DrCj of Vehumet (Snake:1)
  3 ghost moths
  7 deep elf sorcerers
  5 fenstrider witches
  14 vault wardens
  5 frost giants
  A curse skull (Crypt:3)
  2 iron dragons (Vaults:5)
  10 draconian scorchers
  7 deep elf elementalists (Elf:3)
  10 quicksilver oozes
  3 reapers
  13 ghouls
  2 spriggan defenders (Depths:3)
  2 cacodemons
  2 war gargoyles (Vaults:5)
  14 draconian stormcallers
  An orc warlord (D:10)
  4 draconian shifters
  A juggernaut skeleton (Crypt:3)
  7 stone giants
  4 ironbound thunderhulks
  11 ironbound preservers
  12 formless jellyfish
  13 draconian annihilators
  12 very ugly things
  8 deep elf demonologists
  5 eleionomae
  21 purple draconians
  8 vampire knights
  15 black draconians
  10 deep elf annihilators
  12 green draconians
  16 red draconians
  A dire elephant (Vaults:1)
  5 bunyips
  19 white draconians
  Azrael (Snake:2)
  10 spark wasps
  9 yellow draconians
  3 eidola
  8 ettins
  A merfolk javelineer (Depths:2)
  A green death (Depths:4)
  4 merfolk impalers (Depths:2)
  Josephine (Lair:5)
  9 deep elf death magi
  2 mummy priests (Crypt:3)
  16 fire dragons
  13 jiangshi
  14 yaktaur captains
  2 crystal guardians (Vaults:4)
  5 deep elf high priests
  10 great orbs of eyes
  8 salamander tyrants
  20 hydras
  An Orb Guardian zombie (Crypt:3)
  4 catoblepae
  2 peacekeepers
  5 rakshasas
  16 ice dragons
  11 vault guards
  Fannar (Orc:1)
  7 spriggan air magi
  3 ghost crabs
  10 ironbound frosthearts
  2 ogre magi
  A bennu zombie (Crypt:3)
  8 boulder beetles
  2 spriggan skeletons
  11 alligators
  9 anacondas
  11 death yaks
  A juggernaut simulacrum (Depths:3)
  16 centaur warriors
  12 two-headed ogres
  18 naga warriors
  3 death knights
  11 tengu warriors
  2 hell hogs (Depths:3)
  A demonic crawler (Depths:4)
  3 deep troll earth magi
  6 orc high priests
  12 vampire magi
  26 dancing weapons
  4 deep troll shamans
  7 spriggan berserkers
  7 shock serpents
  19 naga sharpshooters
  A titan zombie (Crypt:3)
  8 occultists
  4 soul eaters
  15 deep elf knights
  An emperor scorpion zombie (Crypt:3)
  2 skysharks
  12 hell knights
  2 sixfirhies
  7 salamander mystics
  2 sun demons (Depths:1)
  2 fire crabs (D:11)
  21 skeletal warriors
  10 spriggan druids
  A cherub (Zot:5)
  A deep troll (shapeshifter) (Vaults:2)
  9 goliath frogs
  4 sea snakes
  37 deep trolls
  14 naga ritualists
  The ghost of Maratek the Skirmisher, a novice OpHu of Dithmenos (D:9)
  3 shadow wraiths
  A bunyip skeleton (Crypt:2)
  3 death drakes (Depths:4)
  8 glowing orange brains
  16 lindwurms
  7 flayed ghosts
  3 iron trolls
  13 swamp dragons
  9 bog bodies
  An orange crystal statue (Zot:5)
  A steelbarb worm (shapeshifter) (Vaults:4)
  13 phantasmal warriors
  Pikel (D:6)
  A spriggan simulacrum (Depths:3)
  6 arcanists
  24 deep elf pyromancers
  27 deep elf zephyrmancers
  12 deep elf archers
  11 harpies
  16 ironbound convokers
  A jorogumo zombie (Crypt:1)
  17 necromancers
  19 salamanders
  A wolf spider (Depths:4)
  4 cyclopes
  4 orc sorcerers
  A shadow dragon skeleton (Crypt:3)
  4 oklob plants (Lair:2)
  6 orc knights
  7 shining eyes
  22 mana vipers
  An eleionoma zombie (Crypt:2)
  2 tengu skeletons (Vaults:3)
  46 ugly things
  6 will-o-the-wisps
  24 moths of wrath
  A stone giant zombie (Crypt:2)
  9 manticores
  An apocalypse crab (Swamp:1)
  A centaur zombie (Crypt:1)
  An eye of devastation (Slime:3)
  39 black mambas
  5 guardian serpents
  2 stone giant skeletons (Vaults:3)
  25 naga magi
  A centaur skeleton (Crypt:1)
  A frost giant skeleton (Vaults:3)
  4 molten gargoyles (Depths:3)
  23 vault sentinels
  3 smoke demons
  A torpor snail (Lair:5)
  30 cane toads
  4 elf skeletons (Vaults:3)
  A yellow draconian zombie (Crypt:2)
  2 unseen horrors
  3 kobold demonologists (D:11)
  15 freezing wraiths
  A tormentor (Depths:2)
  A dire elephant skeleton (Crypt:1)
  An alligator snapping turtle skeleton (Crypt:3)
  9 komodo dragons
  2 efreet (D:14)
  7 rime drakes
  37 yaktaurs
  5 guardian mummies
  9 human skeletons
  4 tengu conjurers
  A pale draconian skeleton (Crypt:2)
  A hydra zombie (Crypt:2)
  A harpy zombie (Crypt:1)
  2 bloated husks (Swamp:3)
  2 polar bears
  2 hellwings (Zot:5)
  22 hornets
  8 trolls
  25 blink frogs
  Grinder (D:4)
  A harpy skeleton (Crypt:2)
  17 tyrant leeches
  6 large abominations
  9 glass eyes
  An ice dragon zombie (Crypt:1)
  3 air elementals
  7 dream sheep (Lair:5)
  A death drake skeleton (Crypt:3)
  A guardian serpent skeleton (Crypt:3)
  3 flying skulls (Crypt:1)
  81 slime creatures
  2 dire elephant simulacra
  3 shadows
  11 water elementals
  4 ushabtiu (Crypt:3)
  An alligator snapping turtle simulacrum (Crypt:2)
  11 wraiths
  50 yaks
  22 spriggans
  5 wyverns
  A satyr skeleton (Crypt:1)
  A black mamba skeleton (Crypt:1)
  6 fire elementals
  3 basilisks
  A chaos spawn (Depths:4)
  3 steam dragons
  An elf simulacrum (Vaults:3)
  27 vampire mosquitoes
  3 acid dragons
  20 swamp worms
  8 wargs
  13 water moccasins
  59 nagas
  Duvessa (D:7)
  A glowing shapeshifter skeleton (Vaults:3)
  4 hell hounds
  2 ice beasts
  A cane toad skeleton (Crypt:3)
  4 swamp drakes
  3 sky beasts
  3 black bears
  30 orc warriors
  A snapping turtle zombie (Crypt:1)
  A blink frog zombie (Crypt:2)
  16 centaurs
  5 ogres
  A manticore skeleton (Crypt:3)
  6 phantoms
  A salamander zombie (Crypt:3)
  15 wolves
  2 kobold brigands
  A hog skeleton (Crypt:2)
  Blork the orc (D:4)
  A fire crab zombie (Crypt:1)
  An elf zombie (Elf:1)
  3 scorpions
  21 bullfrogs
  3 gnoll sergeants
  An earth elemental (Elf:2)
  4 necrophages
  A cyclops zombie (Crypt:1)
  A naga simulacrum (Crypt:1)
  9 wights
  A small abomination (Depths:4)
  Dowan (D:7)
  A killer bee (D:9)
  A shapeshifter skeleton (Crypt:3)
  8 electric eels
  5 howler monkeys
  3 lava snakes (Lair:1)
  2 gnoll boudas
  5 hounds
  4 jellies
  A jelly (shapeshifter) (Depths:4)
  36 orc priests
  4 iguanas
  A sleepcap (D:6)
  19 orc wizards
  6 hell rats
  13 gnolls
  5 adders
  4 river rats (Lair:5)
  3 shadow imps
  2 white imps
  An adder zombie (Crypt:2)
  4 dart slugs
  84 orcs
  7 endoplasms
  4 giant cockroaches
  10 goblins
  12 hobgoblins
  A jackal (D:1)
  6 quokkas
  3 training dummies (D:5)
  6 ball pythons
  A bat (D:2)
  2 frilled lizards
  A goblin zombie (Crypt:1)
  A hobgoblin zombie (Crypt:1)
  12 kobolds
  A quokka skeleton (Crypt:2)
  13 rats
  A boulder (Depths:2)
  2 starspawn tentacles (Swamp:1)
2625 creatures vanquished.

Vanquished Creatures (collateral kills)
  A tentacled monstrosity (Vaults:5)
  2 acid blobs (Slime:5)
  2 titans (Vaults:5)
  2 rockslimes (Slime:5)
  An azure jelly (Slime:5)
  A vault warden (Vaults:5)
  An ironbound preserver (Vaults:5)
  2 draconian scorchers (Zot:4)
  2 draconian annihilators (Zot:4)
  2 quicksilver oozes (Slime:5)
  A very ugly thing (Vaults:5)
  A formless jellyfish (Slime:1)
  A stone giant (Vaults:5)
  A deep elf demonologist (Vaults:5)
  A red draconian (Zot:4)
  A deep elf annihilator (Vaults:5)
  An ettin (Vaults:5)
  2 yaktaur captains (Vaults:5)
  20 vault guards (Vaults:5)
  An orc knight (Vaults:5)
  3 phantasmal warriors (Vaults:5)
  A vault sentinel (Vaults:5)
  2 freezing wraiths (Vaults:5)
  7 yaktaurs (Vaults:5)
  31 slime creatures
  9 boulders
99 creatures vanquished.

Vanquished Creatures (others)
  An ancient lich (Vaults:5)
  A tengu reaver (Vaults:5)
  A vault warden (Vaults:5)
  An ironbound preserver (Vaults:5)
  A stone giant (Vaults:5)
  A hell knight (Vaults:5)
  3 yaktaurs (Vaults:5)
  2 bloated husks
  6 slime creatures
  An elf zombie (Elf:1)
  13 boulders
  4 foxfires
  136 fulminant prisms
  2 starspawn tentacles (Swamp:1)
173 creatures vanquished.

Grand Total: 2897 creatures vanquished

Notes
Turn   | Place    | Note
-------+----------+-------------------------------------------
     0 | D:1      | ketsa the Spriggan Earth Elementalist began the quest for
                  | the Orb.
     0 | D:1      | Reached XP level 1. HP: 9/9 MP: 5/5
   405 | D:1      | Reached skill level 3 in Spellcasting
   405 | D:1      | Reached XP level 2. HP: 13/13 MP: 5/7
  1157 | D:2      | Reached XP level 3. HP: 16/16 MP: 5/8
  1907 | D:3      | Reached XP level 4. HP: 20/21 MP: 6/10
  1977 | D:3      | Found an iron altar of Okawaru.
  1979 | D:3      | Found a runed translucent door.
  1983 | D:3      | Found the +0 toga "Victory" {*Victory Clar}
  2288 | D:3      | Found a faded altar of an unknown god.
  2672 | D:3      | Noticed a water moccasin
  2677 | D:3      | Killed a water moccasin
  2678 | D:3      | Reached skill level 4 in Spellcasting
  2678 | D:3      | Reached skill level 1 in Conjurations
  2678 | D:3      | Reached XP level 5. HP: 24/24 MP: 7/12
  2939 | D:4      | Found an ancient bone altar of Kikubaaqudgha.
  3122 | D:4      | Found an opulent altar of Gozag.
  3383 | D:4      | Noticed Grinder
  3398 | D:4      | Learned a level 2 spell: Passwall
  3474 | D:4      | Killed Grinder
  3475 | D:4      | Reached XP level 6. HP: 6/28 MP: 5/14
  3629 | D:4      | Reached skill level 5 in Dodging
  3760 | D:4      | Found Amnanumo's Assorted Antiques.
  3830 | D:4      | Bought a scroll labelled WOICWAU DUSA for 30 gold pieces
  3830 | D:4      | Bought an orange potion for 27 gold pieces
  3906 | D:4      | Found Udaj's Antique Armour Shop.
  3936 | D:4      | Noticed Blork the orc
  4164 | D:5      | Entered Level 5 of the Dungeon
  4173 | D:4      | Reached XP level 7. HP: 24/32 MP: 9/15
  4228 | D:4      | Reached skill level 5 in Spellcasting
  4327 | D:4      | Upgraded the game from 0.31-a0-948-gf5be29c462 to
                  | 0.31-a0-960-g0fca184906
  4699 | D:4      | Reached skill level 5 in Transmutations
  4796 | D:5      | Reached skill level 6 in Spellcasting
  4970 | D:5      | Reached XP level 8. HP: 28/36 MP: 13/18
  5061 | D:5      | Found Kenki's Firing Range.
  5456 | D:5      | Reached skill level 7 in Spellcasting
  5695 | D:6      | Reached skill level 5 in Stealth
  5954 | D:6      | Reached skill level 8 in Spellcasting
  6042 | D:6      | Noticed Pikel
  6174 | D:6      | Killed Pikel
  6175 | D:6      | Reached XP level 9. HP: 29/39 MP: 15/22
  6227 | D:6      | Learned a level 3 spell: Stone Arrow
  6664 | D:7      | Reached skill level 9 in Spellcasting
  6983 | D:7      | Noticed Duvessa
  6984 | D:7      | Noticed Dowan
  7000 | D:7      | Killed Duvessa
  7067 | D:7      | Killed Dowan
  7212 | D:7      | Reached skill level 10 in Stealth
  7341 | D:7      | Found a staircase to the Ecumenical Temple.
  7347 | Temple   | Entered the Ecumenical Temple
  7355 | Temple   | Became a worshipper of Vehumet
  7681 | D:7      | Reached skill level 10 in Spellcasting
  7681 | D:7      | Reached XP level 10. HP: 44/44 MP: 14/25
  7934 | D:8      | Found a white marble altar of Elyvilon.
  8018 | D:8      | Reached skill level 1 in Shapeshifting
  8445 | D:8      | Found Focky's Distillery.
  8452 | D:8      | Bought a potion of heal wounds for 60 gold pieces
  8763 | D:8      | Reached skill level 1 in Short Blades
  9143 | D:8      | Reached * piety under Vehumet
  9143 | D:8      | Offered knowledge of Kiss of Death by Vehumet.
  9424 | D:9      | Reached skill level 1 in Fighting
  9550 | D:9      | Found a large runed translucent door.
  9550 | D:9      | Found a large runed translucent door.
  9941 | D:9      | Noticed a manticore
  9945 | D:9      | Noticed Maratek's ghost (novice OpHu)
  9948 | D:9      | Found a transporter.
 10377 | D:9      | Found a transporter.
 10421 | D:9      | Reached skill level 5 in Short Blades
 10516 | D:9      | Found Coet Tea's Gadget Gallery.
 10740 | D:9      | Found a bloodstained altar of Trog.
 10814 | D:10     | Entered Level 10 of the Dungeon
 10821 | D:10     | Reached skill level 1 in Evocations
 11002 | D:10     | Found a staircase to the Orcish Mines.
 11593 | D:11     | Noticed a fire crab
 11626 | D:11     | Found a transporter.
 11994 | D:10     | Reached skill level 5 in Earth Magic
 12254 | D:10     | Found Kiyhajykhla's Jewellery Shop.
 12341 | D:10     | Reached XP level 11. HP: 52/52 MP: 17/26
 12440 | Orc:1    | Entered Level 1 of the Orcish Mines
 12487 | Orc:1    | Noticed an orc sorcerer
 12487 | Orc:1    | Noticed an orc sorcerer
 12507 | Orc:1    | Noticed an orc warlord
 12750 | D:11     | Reached skill level 1 in Air Magic
 12824 | D:11     | Found a transporter.
 12825 | D:11     | Noticed an orc high priest
 12874 | D:11     | Reached ** piety under Vehumet
 13036 | D:11     | Identified the +0 pair of gloves of Insecurity {MP+9 Str+2}
 13077 | D:11     | Found a staircase to the Lair.
 13078 | D:11     | Noticed a skeletal warrior
 13098 | D:11     | Noticed a fire crab
 13240 | D:11     | Noticed a boulder beetle
 13393 | D:11     | Noticed a boulder beetle
 13648 | D:11     | Noticed a skeletal warrior
 13943 | D:11     | Noticed a skeletal warrior
 13943 | D:11     | Noticed a skeletal warrior
 15066 | D:11     | Noticed a brown ugly thing
 15076 | D:11     | Killed a brown ugly thing
 15304 | D:11     | Offered knowledge of Magic Dart by Vehumet.
 15310 | D:11     | Learned a level 1 spell: Magic Dart
 15627 | D:4      | Killed Blork the orc
 16010 | D:9      | Found a hide-covered altar of Uskayaw.
 16014 | D:9      | Found a hazy altar of Hepliaklqana.
 16210 | D:11     | Noticed a two-headed ogre
 16212 | Lair:1   | Entered Level 1 of the Lair of Beasts
 17653 | Lair:1   | Reached skill level 5 in Fighting
 18316 | Lair:2   | Noticed a six-headed hydra
 18531 | Lair:2   | Noticed a bog body
 18532 | Lair:2   | Found a staircase to the Swamp.
 18532 | Lair:2   | Noticed a bog body
 18548 | Lair:2   | Noticed a catoblepas
 18569 | Lair:2   | Killed a catoblepas
 18603 | Lair:1   | Reached XP level 12. HP: 32/60 MP: 2/27
 18841 | Lair:2   | Learned a level 4 spell: Petrify
 19319 | Lair:2   | Offered knowledge of Poisonous Vapours by Vehumet.
 19320 | Lair:2   | Reached skill level 5 in Conjurations
 19443 | Swamp:1  | Entered Level 1 of the Swamp
 19447 | Swamp:1  | Noticed an alligator
 19796 | Lair:2   | Reached skill level 1 in Poison Magic
 19927 | Lair:2   | Found a staircase to the Snake Pit.
 20141 | Snake:1  | Entered Level 1 of the Snake Pit
 20457 | Lair:2   | Reached *** piety under Vehumet
 20533 | Lair:2   | Noticed a death yak
 20644 | Lair:2   | Noticed a death yak
 20654 | Lair:2   | Noticed a death yak
 20674 | Lair:2   | Killed a death yak
 20784 | Lair:2   | Killed a death yak
 20956 | Lair:2   | Killed a six-headed hydra
 21148 | Lair:2   | Learned a level 2 spell: Poisonous Vapours
 22194 | Lair:3   | Reached skill level 10 in Dodging
 22855 | Lair:3   | Offered knowledge of Iskenderun's Mystic Blast by Vehumet.
 23141 | Lair:3   | Reached skill level 11 in Spellcasting
 23378 | Lair:3   | Noticed a boulder beetle
 23408 | Lair:3   | Killed a boulder beetle
 23409 | Lair:3   | Reached skill level 1 in Necromancy
 23409 | Lair:3   | Reached XP level 13. HP: 67/67 MP: 26/29
 24638 | Lair:4   | Reached **** piety under Vehumet
 24936 | Lair:4   | Identified a scroll of acquirement
 24936 | Lair:4   | Acquired the +3 Elemental Staff {ele, rElec rF+ rC+ AC+3}
 24936 | Lair:4   | Found the +3 Elemental Staff {ele, rElec rF+ rC+ AC+3}
 25177 | Lair:4   | Reached skill level 10 in Transmutations
 25872 | Lair:5   | Entered Level 5 of the Lair of Beasts
 25872 | Lair:5   | Noticed Rupert
 26089 | Lair:4   | Learned a level 4 spell: Iskenderun's Mystic Blast
 26638 | Lair:4   | Offered knowledge of Fulminant Prism by Vehumet.
 26644 | Lair:4   | Learned a level 4 spell: Fulminant Prism
 26740 | Lair:3   | Reached skill level 1 in Hexes
 27367 | Lair:5   | Reached skill level 1 in Translocations
 27515 | Lair:5   | Noticed Josephine
 27769 | Lair:5   | Reached skill level 12 in Spellcasting
 28369 | Lair:5   | Reached ***** piety under Vehumet
 28526 | Lair:5   | Offered knowledge of Spellforged Servitor by Vehumet.
 28810 | Lair:5   | Reached XP level 14. HP: 72/72 MP: 14/31
 29087 | Lair:5   | Killed Rupert
 29313 | Lair:5   | Reached skill level 5 in Translocations
 29345 | Lair:5   | Reached skill level 5 in Hexes
 29477 | Lair:5   | Killed Josephine
 30686 | Lair:5   | Found a staircase to the Slime Pits.
 30686 | Lair:5   | Found a viscous altar of Jiyva.
 30693 | Vaults:5 | Identified the "Umaekhle"
 30693 | Vaults:5 | Identified the of Iteg
 30693 | Crypt:3  | Identified the "Hoica"
 30693 | Depths:2 | Identified the "Netatwon"
 30693 | Depths:3 | Identified the "Wanawuss"
 30693 | Elf:1    | Identified the of Hopif
 30693 | Elf:3    | Identified the of Cimauc
 30693 | Slime:1  | Entered Level 1 of the Pits of Slime
 31962 | Lair:2   | Learned a level 5 spell: Lee's Rapid Deconstruction
 32491 | D:11     | Reached skill level 5 in Air Magic
 33008 | D:11     | Reached skill level 13 in Spellcasting
 34056 | D:12     | Found an ornate altar of the Wu Jian Council.
 34249 | D:12     | Found a portal to a secret trove of treasure.
 35622 | D:10     | Killed an orc warlord
 35853 | Orc:2    | Entered Level 2 of the Orcish Mines
 36513 | Orc:1    | Noticed Fannar
 36538 | Orc:1    | Killed Fannar
 36539 | Orc:1    | Reached XP level 15. HP: 77/77 MP: 20/33
 36707 | Orc:1    | Offered knowledge of Freezing Cloud by Vehumet.
 38429 | Orc:2    | Found a staircase to the Elven Halls.
 40678 | Orc:2    | Found Guycko's Assorted Antiques.
 40678 | Orc:2    | Found Xiqur's Assorted Antiques.
 40679 | Orc:2    | Found Xotuyd's Antique Weapon Shoppe.
 40679 | Orc:2    | Found Luop's Book Emporium.
 41181 | D:13     | Found Waemp's Weapon Shop.
 41208 | D:13     | Reached skill level 14 in Spellcasting
 41496 | D:13     | Found a gate to the Vaults.
 42045 | D:13     | Reached skill level 1 in Armour
 42225 | D:13     | Identified the ring "Nyvvupt" {rF+ Str+3}
 43473 | D:14     | Offered knowledge of Arcjolt by Vehumet.
 43901 | D:14     | Identified the staff of Jase {rN+ rCorr Ice Earth}
 44527 | D:14     | Identified the +2 robe of the World {rPois rC+}
 44626 | D:15     | Entered Level 15 of the Dungeon
 46327 | D:15     | Reached skill level 5 in Poison Magic
 46438 | D:15     | Found a staircase to the Depths.
 47032 | Lair:2   | Reached XP level 16. HP: 84/84 MP: 33/35
 47091 | Swamp:1  | Reached skill level 10 in Earth Magic
 47223 | Lair:2   | Reached skill level 5 in Evocations
 47670 | Swamp:1  | Found a transporter.
 47908 | D:9      | Killed Maratek's ghost
 48274 | D:11     | Identified the ring of Midsummer {Ice rElec rPois rN+++
                  | Str-4}
 48313 | D:11     | Upgraded the game from 0.31-a0-960-g0fca184906 to
                  | 0.31-a0-965-g8a8ce12e04
 48313 | D:11     | Upgraded the game from 0.31-a0-965-g8a8ce12e04 to
                  | 0.31-a0-968-g24f9ace8b5
 48495 | Depths:1 | Entered Level 1 of the Depths
 49231 | Depths:1 | Found Demaogri's Tiny Tomes.
 50033 | D:15     | Upgraded the game from 0.31-a0-968-g24f9ace8b5 to
                  | 0.31-a0-977-gc230f8ef24
 50515 | Swamp:1  | Offered knowledge of Bombard by Vehumet.
 50729 | Swamp:1  | Found a one-way gate to the infinite horrors of the Abyss.
 50729 | Swamp:1  | Noticed Zoigrime's ghost (adept FoFi)
 50828 | Swamp:1  | Upgraded the game from 0.31-a0-977-gc230f8ef24 to
                  | 0.31-a0-981-geadf994542
 50828 | Swamp:1  | Upgraded the game from 0.31-a0-981-geadf994542 to
                  | 0.31-a0-983-g7b6862f502
 51063 | Swamp:1  | Found a transporter.
 51063 | Swamp:1  | Noticed a tentacled starspawn
 51173 | Lair:2   | Upgraded the game from 0.31-a0-983-g7b6862f502 to
                  | 0.31-a0-986-g5e6e4ef867
 51180 | Lair:2   | Learned a level 6 spell: Bombard
 51534 | Swamp:1  | Upgraded the game from 0.31-a0-986-g5e6e4ef867 to
                  | 0.31-a0-988-g08d55dae12
 53165 | Elf:1    | Entered Level 1 of the Elven Halls
 53331 | Elf:1    | Reached skill level 10 in Fighting
 53965 | Elf:1    | Noticed Donald
 53978 | Elf:1    | Killed Donald
 54257 | Elf:2    | Found Docif's Magic Scroll Shop.
 54275 | Elf:2    | Bought a scroll of teleportation for 51 gold pieces
 54278 | Elf:2    | Bought a scroll of teleportation for 51 gold pieces
 54520 | Elf:1    | Found Zavos's Distillery.
 54520 | Elf:1    | Found Ofay's Assorted Antiques.
 54575 | Elf:1    | Bought a potion of heal wounds for 70 gold pieces
 54575 | Elf:1    | Bought a potion of curing for 42 gold pieces
 54575 | Elf:1    | Bought 2 potions of heal wounds for 140 gold pieces
 54752 | Elf:1    | Noticed a sphinx
 54755 | Elf:1    | Killed a sphinx
 54902 | Elf:1    | Noticed a sphinx
 54908 | Elf:1    | Noticed a sphinx
 54911 | Elf:1    | Killed a sphinx
 54918 | Elf:1    | Killed a sphinx
 54919 | Elf:1    | Reached skill level 5 in Necromancy
 55225 | Elf:1    | Reached skill level 15 in Spellcasting
 55552 | Elf:1    | Reached XP level 17. HP: 90/90 MP: 37/37
 56072 | Elf:1    | Offered knowledge of Plasma Beam by Vehumet.
 56440 | Elf:2    | Noticed Nikola
 56889 | Elf:2    | Found Rowk's Antique Weapon Shop.
 56907 | Elf:2    | Found a large runed translucent door.
 56908 | Elf:2    | Found a large runed translucent door.
 56910 | Elf:2    | Noticed Reshi88's ghost (adept MiFi)
 59576 | Swamp:3  | Identified the storm talisman of Wygioh {Stlth+}
 59651 | Swamp:3  | Learned a level 4 spell: Brom's Barrelling Boulder
 59656 | Swamp:3  | Learned a level 4 spell: Passage of Golubria
 60227 | Swamp:3  | Reached skill level 10 in Translocations
 60900 | Swamp:3  | Reached skill level 16 in Spellcasting
 61353 | Swamp:4  | Entered Level 4 of the Swamp
 62239 | Swamp:3  | Identified the +0 plate armour of Gideac {Will+}
 62292 | Swamp:3  | Reached skill level 10 in Conjurations
 62959 | Swamp:4  | Identified the +4 ring mail "Futozeot" {Harm rPois Int+3}
 63599 | Swamp:4  | Reached XP level 18. HP: 96/96 MP: 20/39
 63975 | Swamp:3  | Upgraded the game from 0.31-a0-988-g08d55dae12 to
                  | 0.31-a0-995-g04711c9635
 65012 | Swamp:4  | Got a decaying rune of Zot
 65144 | Swamp:4  | Identified the +11 long sword of Weic Vitwei {speed, Str+3}
 65787 | Lair:2   | Offered knowledge of Irradiate by Vehumet.
 66239 | Snake:1  | Reached skill level 17 in Spellcasting
 67018 | Snake:1  | Noticed Pi314's ghost (journeyman DrCj)
 67131 | Snake:1  | Found a runed translucent gate.
 67131 | Snake:1  | Found a runed translucent gate.
 67131 | Snake:1  | Found a runed translucent gate.
 67840 | Snake:2  | Found Matreupn's Weapon Boutique.
 67876 | Snake:2  | Noticed Azrael
 67883 | Snake:2  | Killed Azrael
 68053 | Snake:2  | Found Jairghue's General Store.
 68081 | Snake:2  | Noticed Jorgrun
 68387 | Snake:2  | Killed Jorgrun
 69727 | Snake:2  | Found Pyoro's Jewellery Shop.
 70282 | Snake:2  | Found Dair's Armour Boutique.
 70304 | Snake:2  | Reached ****** piety under Vehumet
 70576 | Snake:2  | Found Zuediger's Antique Weapon Shop.
 70603 | Snake:2  | Offered knowledge of Ozocubu's Refrigeration by Vehumet.
 70810 | Snake:3  | Noticed Vashnia
 71364 | Snake:3  | Found a transporter.
 71365 | Snake:3  | Found a shimmering blue altar of Sif Muna.
 71365 | Snake:3  | Found the ring of the Mage {Wiz Archmagi}
 71365 | Snake:3  | Found the +3 pair of mountain boots {steadfast, rC+}
 71714 | Snake:3  | Reached skill level 18 in Spellcasting
 71971 | Snake:3  | Identified the serpent talisman of the Grim God {rF+ rC+
                  | Str+3}
 71971 | Snake:3  | Noticed Aizul
 71983 | Snake:3  | Killed Aizul
 73326 | Snake:4  | Entered Level 4 of the Snake Pit
 73545 | Snake:3  | Reached XP level 19. HP: 93/104 MP: 13/42
 73918 | Snake:3  | Killed Vashnia
 74935 | Snake:3  | Found a transporter.
 74943 | Snake:3  | Offered knowledge of Lehudib's Crystal Spear by Vehumet.
 74943 | Snake:3  | Offered knowledge of Shatter by Vehumet.
 74943 | Snake:3  | Offered knowledge of Maxwell's Capacitive Coupling by
                  | Vehumet.
 75528 | Snake:3  | Reached skill level 19 in Spellcasting
 76215 | Snake:4  | Noticed Bai Suzhen
 77132 | Depths:1 | Found a gateway to Hell.
 77705 | Depths:1 | Upgraded the game from 0.31-a0-995-g04711c9635 to
                  | 0.31-a0-1009-g454b1f1e0a
 77712 | Depths:1 | Learned a level 5 spell: Borgnjor's Vile Clutch
 77993 | Depths:1 | Found a one-way gate leading to the halls of Pandemonium.
 79768 | Snake:4  | Found Qazuobru's Weapon Emporium.
 79770 | Snake:4  | Found Cuagoz's General Store.
 79772 | Snake:4  | Found Vugrioti's Magic Scroll Emporium.
 79772 | Snake:4  | Identified the +1 robe of Vivoemp {Int+2}
 79778 | Snake:4  | Bought a potion of heal wounds for 50 gold pieces
 79780 | Snake:4  | Bought a scroll of teleportation for 33 gold pieces
 79780 | Snake:4  | Bought a scroll of acquirement for 572 gold pieces
 79780 | Snake:4  | Bought a scroll of fear for 44 gold pieces
 79889 | Snake:4  | Acquired a book of Burglary
 82047 | Snake:4  | Reached skill level 20 in Spellcasting
 82271 | Snake:4  | Got a serpentine rune of Zot
 82399 | Snake:3  | Killed Bai Suzhen
 83394 | Snake:1  | Killed Pi314's ghost
 83543 | Snake:1  | Learned a level 7 spell: Orb of Destruction
 83866 | Vaults:1 | Entered Level 1 of the Vaults
 84470 | Vaults:1 | Reached XP level 20. HP: 111/111 MP: 15/45
 84677 | Vaults:1 | Found Daups's Weapon Emporium.
 84716 | Vaults:1 | Reached skill level 10 in Evocations
 86940 | Vaults:2 | Upgraded the game from 0.31-a0-1009-g454b1f1e0a to
                  | 0.31-a0-1029-ge8c24b2130
 87104 | Vaults:2 | Identified the +5 robe of the Worm {Drain rPois Will+}
 87552 | Vaults:2 | Found a runed translucent door.
 93187 | Vaults:3 | Found a staircase to the Crypt.
 93192 | Crypt:1  | Entered Level 1 of the Crypt
 93632 | Vaults:4 | Reached XP level 21. HP: 116/116 MP: 36/46
 94632 | Swamp:1  | Killed Zoigrime's ghost
 95129 | Swamp:1  | Identified the +1 dagger "Voecelec" {flame, +Blink Str+2}
 95444 | Elf:2    | Found Xedden's Book Emporium.
 95698 | Elf:2    | Found Leiteonn's Weapon Emporium.
 95815 | Elf:2    | Killed Nikola
 95911 | Elf:2    | Found a runed translucent gate.
 95911 | Elf:2    | Found a runed translucent gate.
 95911 | Elf:2    | Found a runed translucent gate.
 96057 | Elf:2    | Killed Reshi88's ghost
 96278 | Elf:3    | Entered Level 3 of the Elven Halls
 96278 | Elf:3    | Found Ryplok's Book Shop.
 96737 | Elf:3    | Noticed Asterion
 98757 | Depths:1 | Found Satariwo's Jewellery Shoppe.
 98757 | Depths:1 | Found Vouph's Book Boutique.
 98758 | Depths:1 | Found Yclyoqoi's Book Boutique.
 98770 | Depths:1 | Learned a level 2 spell: Blink
 99529 | Depths:2 | Found a runed translucent door.
 99621 | Depths:2 | Found a runed translucent door.
 99621 | Depths:2 | Found a runed translucent door.
 99734 | Depths:2 | Identified the amulet of Gyegoz Ver {Spirit rElec Int+6
                  | Slay-5 Stlth-}
 99791 | Depths:2 | Reached skill level 21 in Spellcasting
 99920 | Depths:1 | Upgraded the game from 0.31-a0-1029-ge8c24b2130 to
                  | 0.31-a0-1042-ga9834b393d
 99932 | Depths:2 | Noticed a juggernaut
 99956 | Depths:2 | Killed a juggernaut
 99957 | Depths:2 | Reached skill level 15 in Dodging
100275 | Depths:2 | Identified the ring of Lupizxav {rElec rPois Int+6}
100277 | Depths:2 | Noticed a golden dragon
100320 | Depths:2 | Killed a golden dragon
102772 | Depths:2 | Found a shimmering altar of Xom.
103621 | Depths:3 | Found a one-way gateway to a ziggurat.
103649 | Depths:3 | Reached XP level 22. HP: 86/121 MP: 33/48
103835 | Depths:2 | Upgraded the game from 0.31-a0-1042-ga9834b393d to
                  | 0.31-a0-1059-g83d41fd8b6
103835 | Depths:2 | Upgraded the game from 0.31-a0-1059-g83d41fd8b6 to
                  | 0.31-a0-1066-g35875b34c7
104777 | Depths:4 | Entered Level 4 of the Depths
105242 | Depths:3 | Reached skill level 15 in Earth Magic
105272 | Depths:3 | Noticed a juggernaut
105285 | Depths:3 | Killed a juggernaut
105286 | Depths:3 | Reached skill level 1 in Staves
105624 | Depths:3 | Identified the +2 leather armour of Snakes and Ladders
                  | {MP+9}
106333 | Depths:3 | Noticed a golden dragon
106350 | Depths:3 | Noticed a royal mummy
106613 | Depths:2 | Killed a royal mummy
106807 | Depths:3 | Noticed an ancient lich
106812 | Depths:3 | Killed an ancient lich
107084 | Depths:3 | Noticed a golden dragon
107292 | Depths:3 | Noticed the Enchantress
107677 | Depths:3 | Killed the Enchantress
107760 | Depths:3 | Killed a golden dragon
108146 | Depths:3 | Killed a golden dragon
108253 | Depths:3 | Reached skill level 10 in Hexes
108617 | Depths:3 | Reached skill level 22 in Spellcasting
109456 | Depths:3 | Noticed a golden dragon
109461 | Depths:3 | Killed a golden dragon
110489 | Depths:3 | Identified the +1 scale mail of the Stone Wall {Will+ Str+3
                  | Int-5 Dex+2}
111147 | Depths:3 | Upgraded the game from 0.31-a0-1066-g35875b34c7 to
                  | 0.31-a0-1082-g7d1fb776a8
111624 | Depths:4 | Reached XP level 23. HP: 125/125 MP: 23/50
115649 | Depths:4 | Found a gate to the Realm of Zot.
115973 | Depths:4 | Identified the +2 hand axe of Disharmony {venom, Int+6
                  | Dex+3}
115979 | Depths:4 | Found a runed translucent gate.
115980 | Depths:4 | Found a runed translucent gate.
115984 | Depths:4 | Found a runed translucent gate.
116487 | Elf:3    | Identified the scarf "Kufu" {rC+ rF+, rN++ Int+2}
116674 | Elf:3    | Killed Asterion
116812 | Elf:3    | Upgraded the game from 0.31-a0-1082-g7d1fb776a8 to
                  | 0.31-a0-1091-g283494c966
117069 | Elf:3    | Learned a level 8 spell: Lehudib's Crystal Spear
117075 | Elf:3    | Learned a level 5 spell: Iskenderun's Battlesphere
117531 | Elf:3    | Identified the amulet "Qeycru" {Acrobat Dex+4}
117811 | Elf:3    | Identified the ring of Manim {*Slow rF+++ EV+5 Str+5
                  | Stlth+}
117943 | Elf:3    | Identified the talisman of death of the Spheres {rF+
                  | Stlth+}
117995 | Elf:3    | Identified the ring of Nobility {Fire rCorr Int+4 Stlth-}
118650 | Vaults:4 | Noticed Mara
118660 | Vaults:4 | Killed Mara
118862 | Vaults:4 | Noticed Zenata
118868 | Vaults:4 | Killed Zenata
119306 | Vaults:4 | Upgraded the game from 0.31-a0-1091-g283494c966 to
                  | 0.31-a0-1096-g246cf0196b
119639 | Vaults:4 | Found Vagrouho's Antique Weapon Emporium.
119677 | Vaults:4 | Found a runed translucent gate.
119678 | Vaults:4 | Found a runed translucent gate.
119679 | Vaults:4 | Found a runed translucent gate.
119684 | Vaults:4 | Noticed Ymilidghe's ghost (adept TrGl)
119684 | Vaults:4 | Noticed Aceje Mir's ghost (adept AtMo)
119685 | Vaults:4 | Noticed Wiath's ghost (adept DrBr)
119892 | Vaults:4 | Reached XP level 24. HP: 112/130 MP: 38/50
120487 | Vaults:4 | Reached skill level 15 in Hexes
121376 | Vaults:2 | Identified the +7 dagger of Ignis, Writhing {elec, rF+ rC+
                  | Will+ Int+5}
122282 | Elf:2    | Reached skill level 23 in Spellcasting
125462 | Crypt:1  | Upgraded the game from 0.31-a0-1096-g246cf0196b to
                  | 0.31-a0-1098-g6898e6545c
126358 | Crypt:2  | Reached skill level 24 in Spellcasting
127221 | Crypt:3  | Entered Level 3 of the Crypt
127275 | Crypt:3  | Noticed Mennas
128041 | Crypt:3  | Found a staircase to the Tomb.
128514 | Crypt:3  | Learned a level 8 spell: Discord
129157 | Crypt:3  | Noticed Margery
129196 | Crypt:3  | Killed Margery
129330 | Crypt:3  | Identified the amulet "Pacsimp" {Faith Fragile rCorr Int+4
                  | Stlth+}
129358 | Crypt:2  | Found a basalt altar of Yredelemnul.
129760 | Crypt:3  | Killed Mennas
130088 | Crypt:3  | Reached XP level 25. HP: 135/135 MP: 38/52
130550 | Crypt:3  | Identified the ring "Nyalabb" {rC+ rCorr AC+4 Str+4 Int-4}
131235 | Crypt:3  | Found a basalt altar of Yredelemnul.
131240 | Crypt:3  | Found an ancient bone altar of Kikubaaqudgha.
131298 | Crypt:3  | Identified the +4 arbalest of the Doomed Warrior {speed,
                  | Will+}
131666 | Vaults:3 | Upgraded the game from 0.31-a0-1098-g6898e6545c to
                  | 0.31-a0-1101-g9ad1905e61
131914 | Vaults:5 | Entered Level 5 of the Vaults
131918 | Vaults:5 | Reached skill level 25 in Spellcasting
131919 | Vaults:5 | Reached skill level 1 in Ice Magic
132459 | Vaults:4 | Upgraded the game from 0.31-a0-1101-g9ad1905e61 to
                  | 0.31-a0-1104-g3bd3108e02
132611 | Vaults:5 | Noticed an ancient lich
132611 | Vaults:5 | Noticed an ancient lich
132833 | Vaults:5 | Identified the +6 trident of Expedience {drain, rC+ rN+
                  | Int+3}
132838 | Vaults:5 | Killed an ancient lich
132841 | Vaults:4 | Killed an ancient lich
133091 | Vaults:4 | Killed Aceje Mir's ghost
133280 | Vaults:4 | Killed Wiath's ghost
133509 | Vaults:4 | Killed Ymilidghe's ghost
134544 | Depths:4 | Identified the +6 short sword of the Beloved God {heavy,
                  | rPois rC+}
134988 | Slime:1  | Reached skill level 15 in Stealth
135989 | Slime:4  | Upgraded the game from 0.31-a0-1104-g3bd3108e02 to
                  | 0.31-a0-1111-ga3525b893c
136030 | Slime:3  | Reached skill level 26 in Spellcasting
136138 | Slime:5  | Entered Level 5 of the Pits of Slime
136165 | Slime:4  | Upgraded the game from 0.31-a0-1111-ga3525b893c to
                  | 0.31-a0-1118-gbca3d03946
136166 | Slime:5  | Gained mutation: Armour fits poorly on your strangely
                  | shaped body. [a shining eye]
136480 | Slime:5  | Noticed the Royal Jelly
137832 | Slime:3  | Gained mutation: You sometimes lose your temper in combat.
                  | [a shining eye]
137902 | Slime:3  | Paralysed by a formless jellyfish for 1 turns
138472 | Slime:5  | Reached XP level 26. HP: 140/140 MP: 50/54
139114 | Vaults:1 | Upgraded the game from 0.31-a0-1118-gbca3d03946 to
                  | 0.31-a0-1134-gb247575874
139842 | Vaults:4 | Upgraded the game from 0.31-a0-1134-gb247575874 to
                  | 0.31-a0-1144-g99969ba1bc
140523 | D:8      | Bought a potion of magic for 96 gold pieces
140523 | D:8      | Bought a potion of curing for 36 gold pieces
140538 | D:8      | Learned a level 4 spell: Cause Fear
140774 | Depths:4 | Upgraded the game from 0.31-a0-1144-g99969ba1bc to
                  | 0.31-a0-1154-gadca813884
141327 | Slime:5  | Killed the Royal Jelly
142127 | Slime:5  | Found the +5 Lochaber axe {reach-cleave, Poleaxe Drain}
142256 | Slime:5  | Got the Spellbook of Entranced Kinetic Energy
142280 | Slime:5  | Found the +10 tower shield of Ignorance {rN+ Int-4}
142285 | Slime:5  | Identified the +6 flail of Dissent {pain, rC+ Str+4}
142306 | Slime:5  | Identified the +1 short sword of Cheese {pain, Dex+3}
142353 | Slime:5  | Identified the +3 leather armour "Uxetos" {rPois rF- rCorr
                  | Stlth+}
142358 | Slime:5  | Got a slimy rune of Zot
142359 | Slime:5  | Identified the +0 ring mail of Ethics {rF+ Will- Stlth+}
142996 | Zot:1    | Entered Level 1 of the Realm of Zot
142997 | Zot:1    | Noticed an orb of fire
143000 | Zot:1    | Gained mutation: Your spells are a little easier to cast,
                  | but a little less powerful. [an orb of fire]
143002 | Zot:1    | Killed an orb of fire
143251 | Zot:2    | Noticed Emnejil's ghost (master VSBe)
143341 | Zot:1    | Found a transporter.
144030 | D:8      | Bought a potion of mutation for 96 gold pieces
144030 | D:8      | Bought a potion of mutation for 96 gold pieces
144030 | D:8      | Bought a potion of mutation for 96 gold pieces
144036 | D:8      | Lost mutation: Armour fits poorly on your strangely shaped
                  | body. [potion of mutation]
144036 | D:8      | Lost mutation: Your spells are a little easier to cast, but
                  | a little less powerful. [potion of mutation]
144036 | D:8      | Lost mutation: You sometimes lose your temper in combat.
                  | [potion of mutation]
144036 | D:8      | Gained mutation: You are covered in fur. (AC +1) [potion of
                  | mutation]
144036 | D:8      | Gained mutation: You have large cloven feet. [potion of
                  | mutation]
144050 | D:8      | Upgraded the game from 0.31-a0-1154-gadca813884 to
                  | 0.31-a0-1164-geb876a39b7
144882 | Vaults:5 | Noticed a dread lich
144885 | Vaults:5 | Killed a dread lich
144886 | Vaults:5 | Reached skill level 15 in Fighting
145802 | Vaults:5 | Identified the +0 leather armour "Bigegas" {Int+2 Stlth+}
146078 | Vaults:5 | Identified the +12 halberd "Mineomac" {spect, +Blink rPois
                  | Dex+4}
146199 | Vaults:5 | Identified the +1 trident of Cocytus {venom, *Rage Fly
                  | Int+3 Dex+3}
146351 | Vaults:5 | Got a silver rune of Zot
147679 | Zot:1    | Found a transporter.
148182 | Zot:1    | Reached skill level 27 in Spellcasting
148372 | Zot:1    | Found a stormy altar of Qazlal.
148783 | Zot:2    | Found a runed translucent gate.
148784 | Zot:2    | Found a runed translucent gate.
149188 | Zot:2    | Found a runed translucent gate.
149852 | Zot:3    | You fall into a shaft and drop 1 floor!
150062 | Zot:3    | Reached XP level 27. HP: 139/146 MP: 40/55
150339 | Zot:3    | Upgraded the game from 0.31-a0-1164-geb876a39b7 to
                  | 0.31-a0-1172-g9944ec47dd
150750 | Zot:3    | Noticed an ancient lich
150752 | Zot:3    | Killed an ancient lich
151424 | Zot:5    | Entered Level 5 of the Realm of Zot
153109 | Zot:4    | Reached skill level 15 in Evocations
154400 | Zot:4    | Noticed an orb of fire
154406 | Zot:4    | Killed an orb of fire
154601 | Zot:5    | Noticed an orb of fire
154649 | Zot:5    | Killed an orb of fire
154894 | Zot:5    | Reached skill level 15 in Translocations
155357 | Snake:2  | Bought a potion of invisibility for 152 gold pieces
155357 | Snake:2  | Bought a potion of resistance for 190 gold pieces
155661 | Orc:2    | Bought a potion of curing for 84 gold pieces
155661 | Orc:2    | Bought a potion of invisibility for 224 gold pieces
155661 | Orc:2    | Bought a scroll of fog for 112 gold pieces
155777 | Elf:1    | Bought a scroll of fog for 176 gold pieces
155777 | Elf:1    | Bought a potion of curing for 132 gold pieces
155783 | Elf:1    | Bought a potion of invisibility for 112 gold pieces
156449 | Zot:5    | Noticed an ancient lich
156471 | Zot:5    | Killed an ancient lich
156527 | Zot:5    | Noticed an ancient lich
156556 | Zot:5    | Noticed a dread lich
156556 | Zot:5    | Noticed an orb of fire
156556 | Zot:5    | Noticed a dread lich
156570 | Zot:5    | Noticed an ancient lich
156570 | Zot:5    | Noticed an ancient lich
156570 | Zot:5    | Noticed an orb of fire
156583 | Zot:5    | Noticed a dread lich
156619 | Zot:5    | Killed an ancient lich
156805 | Zot:5    | Killed a dread lich
156869 | Zot:5    | Gained mutation: You are weak. (Str -2) [an orb of fire]
156872 | Zot:5    | Gained mutation: Potions are less effective at restoring
                  | your health. [an orb of fire]
156873 | Zot:5    | Killed an orb of fire
157065 | Zot:5    | Killed a dread lich
157089 | Zot:5    | Killed a dread lich
157239 | Zot:5    | Identified the -2 pair of gloves "Ikkop" {-Tele Fly rPois
                  | Str+4}
157691 | Zot:5    | Noticed an ancient lich
157704 | Zot:5    | Killed an ancient lich
157715 | Zot:5    | Noticed an ancient lich
157720 | Zot:5    | Killed an ancient lich
157743 | Zot:5    | Killed an ancient lich
157871 | Zot:5    | Killed an orb of fire
157908 | Zot:5    | Noticed an ancient lich
157915 | Zot:5    | Killed an ancient lich
157932 | Zot:5    | Killed an ancient lich
158035 | Zot:5    | Got the Orb of Zot
158060 | Zot:5    | Noticed a seraph
158064 | Zot:5    | Killed a seraph
158089 | Zot:5    | Noticed a seraph
158200 | Depths:4 | Noticed Jonoiff the pandemonium lord
158616 | D:$      | Escaped with the Orb!

Illustrated notes

Levels and vault maps discovered:
D:1:      dpeg_arrival_another_circle, layout_loops_ring, minmay_octomino_j4
D:2:      layout_loops_ring, kennysheep_cluttered_room
D:3:      layout_basic, nicolae_overflow_guarded_unrand_okawaru_victory,
          shapermc_ecumenical_altar_gd, grunt_ministairs_4,
          chequers_serial_rivers_room_a
D:4:      layout_gridville, mainiacjoe_overflow_catwalk,
          mainiacjoe_overflow_boulevard, serial_shops,
          nicolae_shop_window_shopping, nicolae_inconvenience_store,
          uniq_blork_the_orc, uniq_grinder
D:5:      layout_cave_pools, minmay_misc_feat_five, nicolae_shop_firing_range
D:6:      layout_rooms, uniq_pikel
D:7:      layout_rooms, minmay_temple_entry_fiery, uniq_duvessa
D:8:      layout_basic, mainiacjoe_overflow_paths, chequers_ossuary_entry_cave,
          serial_shops, nicolae_shop_advertising_works
          [nicolae_subvault_shop_adworks]
D:9:      layout_roguey, mainiacjoe_overflow_alcove_4, jmf_multi_god_temple2,
          gammafunk_ghost_arena, nicolae_shop_gadgets
D:10:     layout_big_octagon, orc_0_dummy, serial_shops, shop_fountains,
          kennysheep_doodads
D:11:     gammafunk_wand_slinger, layout_grid_maze, dpeg_oklobed_lair,
          serial_co_window_serial, co_window_corner_a, co_window_paths_b,
          co_window_cross_1, co_window_paths_a, co_window_corner_a,
          co_window_corner_ca, co_window_paths_c, co_window_corner_ca,
          co_window_2corner, co_window_corner_b, co_window_broadway_a,
          glass_columns_b
D:12:     layout_loops_ring, nicolae_trove_entry_path_of_doom,
          pdpol_wu_jian_five_deadly_venoms
D:13:     layout_basic, david_vaults_2, serial_shops,
          nicolae_shop_bloodbath_and_beyond, pond
D:14:     layout_basic, minmay_staircase_statues, drop_trap,
          minmay_quadrilaterals
D:15:     grunt_enter_depths_hoard, layout_long_grid, grunt_decor_resistance
Temple:   nicolae_temple_no_exploring_needed
Lair:1:   layout_loops_ring, nicolae_lair_liquid_snakes,
          infiniplex_staircase_pool
Lair:2:   minmay_lair_oklob_tunnel, layout_hall_layers,
          skrybe_swamp_entry_bodies, dummy_snake_entry, grunt_megastairs_5
Lair:3:   layout_chaotic_city, serial_bayou_lake_a, grunt_megastairs_4
Lair:4:   layout_concentric_octagons, st_stairs_3, serial_bayou_shore_b,
          lemuel_fruit_tree, grunt_megastairs_3, serial_bayou_shore_a
Lair:5:   minmay_lair_end_frog_pond, layout_loops_ring, slime_entry_1,
          kennysheep_abandoned_house, uniq_josephine, uniq_rupert
Swamp:1:  layout_basic_swamp, gammafunk_ghost_abyssal_escape,
          nicolae_swamp_oxbows
Swamp:2:  layout_falls_marsh, nicolae_swamp_bean_lake, swamp_pool3
Swamp:3:  nzn_winding_woodlands_cross [nzn_winding_woodlands_5x15_crooked,
          nzn_winding_woodlands_5x15_eye,
          nzn_winding_woodlands_5x15_pathside_ponds,
          nzn_winding_woodlands_5x15_zeroes,
          nzn_winding_woodlands_15x15_witchcraft], layout_basic_swamp,
          hangedman_swamp_ruin_wall
Swamp:4:  swamp_alternative, layout_basic_swamp
Snake:1:  layout_misc_corridors, gammafunk_ghost_split
Snake:2:  nicolae_snake_hallway, layout_cave_town, serial_shops, shop,
          nicolae_shop_crystal, nicolae_take_the_stairs, shop, shop,
          st_stairs_4, uniq_jorgrun, uniq_azrael
Snake:3:  gammafunk_sealed_library, layout_onion, uniq_aizul, uniq_vashnia
Snake:4:  johnstein_snake_rune_scales, layout_onion, special_room,
          nicolae_snake_springs, minmay_shop_star, uniq_bai_suzhen
Slime:1:  layout_caves
Slime:2:  layout_caves
Slime:3:  layout_caves, nicolae_slime_barrier
Slime:4:  layout_caves, basic_altar
Slime:5:  slime_pit
Orc:1:    layout_diamond_mine, nicolae_orc_pool_cavern, minmay_orc_keep,
          uniq_fannar
Orc:2:    st_orc_pillars, layout_caves
Elf:1:    minmay_elf_arrival_summoners, layout_geoelf_grid, special_room
          [special_room_mythical_zoo], minmay_elf_necromancy, minmay_shoptagon,
          uniq_donald
Elf:2:    elven_hall_of_blades_hangedman_original
          [nicolae_blade_entry_antechamber], layout_geoelf_grid, serial_shops,
          nicolae_stop_n_shop_2, nicolae_shop_behind_doors, shop,
          nicolae_shop_tiny_real_fake_doors, ebering_ghost_disaster_area,
          serial_sigils_hangedman_scar, uniq_nikola
Elf:3:    minmay_elf_hall_spiked, layout_geoelf_castle, serial_shops,
          nicolae_book_shop_shelving, nicolae_fountain_basement, uniq_asterion
Vaults:1: nicolae_vaults_sightless_eye, nicolae_vaults_network_quincunx
          [nicolae_vaults_network_quincunx_subvault,
          nicolae_vaults_network_quincunx_subvault,
          nicolae_vaults_network_quincunx_subvault,
          nicolae_vaults_network_quincunx_subvault,
          nicolae_vaults_network_quincunx_subvault], nicolae_vaults_house_2,
          hangedman_vaults_pinch, v_alt_pattern_6, nicolae_vaults_diamond_1,
          ontoclasm_vaults_decontamination, nicolae_vaults_wine_cellar,
          hangedman_vaults_variations, vaults_dpeg_cross,
          nicolae_vaults_oval_intersection, layout_vaults_omnibox, serial_shops,
          nicolae_shop_back_alley_shop
Vaults:2: nicolae_vaults_oozy_zoo, v_misc_8, vaults_mumra_hexcomb,
          nicolae_vaults_what_the_h, v_misc_11, nicolae_vaults_double_plus_1,
          v_misc_2, hangedman_vaults_stretched_pinwheel, v_alt_pattern_5,
          vaults_room_ringed_pool, v_misc_18, vaults_room_stairs_pillars,
          ontoclasm_vaults_pinch, nicolae_vaults_trapezoid_2,
          hangedman_vaults_impose, layout_vaults_maze
Vaults:3: vaults_room_door_hall, nicolae_vaults_bisected_slash,
          minmay_crypt_entry_skeletal_spiral, hangedman_vaults_river_flow,
          vaults_dpeg_diagonal, nicolae_vaults_closet_pinwheel_6,
          nicolae_vaults_shelves_hall, nicolae_vaults_variable_pillar_hall,
          vaults_room_door_ring, vaults_standard_mumra_enter_the_diamond,
          layout_vaults_omnigrid
Vaults:4: gammafunk_ghost_cemetery, v_misc_31, nicolae_vaults_angled_halls,
          vaults_mumra_hex, nicolae_vaults_steering_wheel, v_misc_9,
          nicolae_vaults_shipping_containers_7, grunt_vaults_hallway_long,
          nicolae_vaults_diamond_2, v_misc_12, v_misc_29,
          nicolae_vaults_variable_pillar_hall, layout_vaults_ring, serial_shops,
          shop, uniq_mara, uniq_zenata
Vaults:5
Crypt:1:  layout_regular_city, mu_enter_wizlab_6, st_stairs_8, minivault_24,
          corner_web_ring, grunt_crypt_arrival_split
Crypt:2:  layout_basic, lemuel_upstairs_altar
Crypt:3:  lightli_unholy_cathedral, layout_chaotic_city,
          tomb_entry_forgotten_bobbens, uniq_mennas, uniq_margery
Depths:1: layout_honeycomb, nicolae_figureground_pulse, rand_demon_pan_entry_3,
          hangedman_geh_valley, kennysheep_diamond,
          nicolae_shop_i_like_small_books_too, due_unseen_surprise,
          grunt_megastairs_2, minmay_shop_grove
Depths:2: minmay_the_grid_four_pointed_star
          [minmay_the_grid_triangle_9x9_windchime,
          minmay_the_grid_triangle_9x9_sprig,
          minmay_the_grid_triangle_9x9_fully_insulated_deathbox,
          minmay_the_grid_triangle_9x9_alien, minmay_the_grid_prize_trominoes],
          layout_gridlike, hangedman_tar_grid_catacomb, kennysheep_minor_cross,
          rand_demon_pan_entry_1, roadster_trireme
Depths:3: hellmonk_hyper_hexagons [hex_subvault_four_corners,
          hex_subvault_empty, hex_subvault_big_grid, hex_subvault_channel,
          hex_subvault_spokes, hex_subvault_rooms,
          hex_subvault_ellipse_pattern], abyss_entry, hell_entry, pan_entry
Depths:4: lemuel_castle_with_subvaults [lemuel_castle_interior_carwin_3],
          layout_gridlike, nicolae_the_louvre, abyss_entry_small_statue_room,
          grunt_hell_entry_dis_mu, pandoras_box_mu
Zot:1:    gammafunk_its_a_trap, layout_cathedral_of_symmetry,
          regret_index_zotdec_storm_pass
Zot:2:    lemuel_draconian_sentries, layout_gridlike, skrybe_zot_glass_2,
          gammafunk_ghost_tricky_traps, lemuel_elevator
Zot:3:    grunt_deathspiral_small, layout_onion
Zot:4:    kennysheep_blocky_room, layout_gridville, lemuel_elevator
Zot:5:    layout_cellular_growth

Skill      XL: |  1  2  3  4  5  6  7  8  9 10 11 12 13 14 15 16 17 18 19 20 21 22 23 24 25 26 27 |
---------------+----------------------------------------------------------------------------------+-----
Dodging        | 3 4 5 8 9 10 11 12 13 14 15 17 19 23 | 23.2
Spellcasting   | 3 4 6 8 10 11 12 13 14 15 16 18 20 21 22 24 26 27 | 27.0
Transmutations | 2 3 4 5 6 9 10 | 10.3
Earth Magic    | 3 4 5 6 7 8 9 10 11 13 14 15 18 19 20 | 20.3
Conjurations   | 1 2 4 5 7 8 9 10 12 13 14 | 14.3
Stealth        | 7 10 11 12 14 16 | 16.8
Shapeshifting  | 3 4 |  4.5
Short Blades   | 6 |  6.5
Fighting       | 3 5 7 9 10 11 13 14 15 17 | 17.9
Evocations     | 1 4 6 7 9 10 12 15 | 15.0
Air Magic      | 1 4 5 8 9 |  9.8
Poison Magic   | 4 5 |  5.0
Necromancy     | 1 3 4 5 6 |  6.0
Hexes          | 4 6 8 10 14 19 20 | 20.0
Translocations | 4 6 8 11 12 18 | 18.0
Armour         | 2 |  2.4
Staves         | 4 |  4.0
Ice Magic      | 3 |  3.7

Action                     |  1- 3 |  4- 6 |  7- 9 | 10-12 | 13-15 | 16-18 | 19-21 | 22-24 | 25-27 || total
---------------------------+-------+-------+-------+-------+-------+-------+-------+-------+-------++-------
  Melee: Whip              |       |       |     4 |       |       |       |       |       |       ||     4
         Short sword       |       |       |       |     9 |     4 |       |       |       |       ||    13
         Staff             |       |       |       |       |    14 |     8 |    11 |    25 |     9 ||    67
  Throw: Dart              |       |       |     1 |     1 |       |       |       |       |       ||     2
         Boomerang         |       |       |       |     8 |     2 |       |       |       |       ||    10
   Cast: Sandblast         |    59 |    74 |   206 |    64 |    61 |       |     3 |       |       ||   467
         Stone Arrow       |       |       |    24 |   475 |   512 |    76 |     3 |       |       ||  1090
         Passwall          |       |       |       |     2 |     8 |       |     2 |       |       ||    12
         Magic Dart        |       |       |       |    36 |    44 |       |       |       |       ||    80
         Poisonous Vapours |       |       |       |     9 |   310 |    14 |     2 |       |       ||   335
         Fulminant Prism   |       |       |       |       |    70 |    26 |    22 |     9 |     9 ||   136
         Petrify           |       |       |       |       |     6 |    22 |     1 |       |       ||    29
         Lee's Rapid Decon |       |       |       |       |   213 |   195 |   497 |   460 |   268 ||  1633
         Iskenderun's Myst |       |       |       |       |     7 |    19 |     8 |     7 |    39 ||    80
         Bombard           |       |       |       |       |       |   569 |   458 |   489 |   252 ||  1768
         Passage of Golubr |       |       |       |       |       |    10 |     7 |       |     7 ||    24
         Brom's Barrelling |       |       |       |       |       |    18 |    23 |     1 |       ||    42
         Borgnjor's Vile C |       |       |       |       |       |       |    60 |    54 |     4 ||   118
         Orb of Destructio |       |       |       |       |       |       |     8 |    43 |   107 ||   158
         Blink             |       |       |       |       |       |       |       |     3 |     4 ||     7
         Lehudib's Crystal |       |       |       |       |       |       |       |    69 |   340 ||   409
         Iskenderun's Batt |       |       |       |       |       |       |       |     3 |     2 ||     5
         Discord           |       |       |       |       |       |       |       |       |    22 ||    22
  Evoke: Wand              |       |       |       |     3 |       |     2 |     1 |       |     3 ||     9
    Use: Scroll            |       |     4 |     4 |    16 |    13 |     4 |     3 |     4 |    19 ||    67
         Potion            |       |       |     1 |       |     1 |     5 |     2 |     1 |    15 ||    25
   Stab: Petrified         |       |       |       |       |       |     6 |       |       |       ||     6
         Distracted        |       |       |       |       |       |       |       |     1 |       ||     1
         Sleeping          |       |       |       |       |       |       |       |     1 |       ||     1
 Armour: Robe              |     3 |    12 |    75 |     2 |    12 |   165 |   166 |    91 |    31 ||   557
         Acid dragon scale |       |       |       |    96 |   124 |       |       |       |   206 ||   426
         Skin              |       |       |       |       |       |       |     7 |       |       ||     7
  Dodge: Dodged            |     6 |    37 |   156 |   216 |   249 |   327 |   297 |   214 |   253 ||  1755
         Repelled          |       |       |       |       |       |       |     6 |     8 |     3 ||    17

Table legend: (Time is in decaauts)
 A = Elapsed time spent in this place.
 B = Non-inter-level travel time spent in this place.
 C = Inter-level travel time spent in this place.
 D = Time resting spent in this place.
 E = Time spent auto-exploring this place.
 F = Levels seen in this place.
 G = Mean time per level.
                   A        B        C        D        E       F      G
               +--------+--------+--------+--------+--------+-----+--------+
         Total | 132409 | 122288 |  10121 |  75386 |  15966 |  56 | 2364.4 |
       Dungeon |  24511 |  21330 |   3181 |  10762 |   4801 |  15 | 1634.1 |
        Temple |     10 |     10 |      0 |      0 |      0 |   1 |   10.0 |
          Lair |  16952 |  15348 |   1604 |   9972 |   1942 |   5 | 3390.4 |
         Swamp |   9855 |   9472 |    383 |   6152 |    797 |   4 | 2463.8 |
     Snake Pit |  13562 |  12840 |    722 |   8204 |   1981 |   4 | 3390.5 |
    Slime Pits |   4293 |   4242 |     51 |   2502 |    562 |   5 |  858.6 |
  Orcish Mines |   5752 |   5092 |    660 |   3295 |    208 |   2 | 2876.0 |
   Elven Halls |   6509 |   6059 |    450 |   3414 |    640 |   3 | 2169.7 |
        Vaults |  16193 |  15088 |   1105 |   9583 |   1866 |   5 | 3238.6 |
         Crypt |   7119 |   6942 |    177 |   4674 |    674 |   3 | 2373.0 |
        Depths |  19581 |  18317 |   1264 |  12873 |   1771 |   4 | 4895.2 |
           Zot |   8066 |   7544 |    522 |   3949 |    721 |   5 | 1613.2 |
               +--------+--------+--------+--------+--------+-----+--------+

Top non-repeatable levels by time:
Depths:2: 6423 daAuts
 Snake:3: 6104 daAuts
Depths:3: 5500 daAuts
  Lair:2: 5266 daAuts
Vaults:4: 5045 daAuts
Depths:4: 4275 daAuts
 Swamp:3: 3897 daAuts
Vaults:3: 3791 daAuts
  Lair:5: 3390 daAuts
Depths:1: 3382 daAuts
    D:11: 3354 daAuts
   Orc:2: 3294 daAuts
  Lair:4: 3146 daAuts
 Swamp:1: 3032 daAuts
 Crypt:3: 2997 daAuts
